 Dungeon Crawl Stone Soup version 0.29.0-11-gd7f09526c8 (webtiles) character file.

Game seed: 17368303510984743618

1799 night the Destroyer (level 8, -5/57 HPs)
             Began as a Demigod Conjurer on Sept 5, 2022.
             Slain by a boulder beetle (26 damage)
             ... on level 6 of the Dungeon.
             The game lasted 00:18:42 (8300 turns).

night the Destroyer (Demigod Conjurer)              Turns: 8300, Time: 00:18:42

Health: -5/57      AC:  6    Str:  8    XL:     8   Next: 53%
Magic:  5/19       EV: 12    Int: 34    God:
Gold:   148        SH:  0    Dex: 12    Spells: 3/17 levels left

rFire   . . .      SeeInvis .   s - +3 short sword (venom)
rCold   . . .      Faith    .   (no shield)
rNeg    . . .      Spirit   .   J - +0 steam dragon scales
rPois   +          Reflect  .   (no helmet)
rElec   .          Harm     .   (no cloak)
rCorr   .          Rampage  .   (no gloves)
Will    .....                   i - +0 pair of boots
Stlth   ++........              (no amulet)
HPRegen 0.19/turn               r - ring of poison resistance
MPRegen 0.16/turn               z - +6 ring of intelligence

@: very slightly contaminated
A: high MP 1, forlorn, divine attributes
a: no special abilities


You were on level 6 of the Dungeon.
You visited 1 branch of the dungeon, and saw 7 of its levels.

You collected 390 gold pieces.
You spent 242 gold pieces at shops.

Inventory:

Hand Weapons
 d - a +0 whip
 s - a +3 short sword of venom (weapon)
 v - a +0 trident
 D - a +4 halberd
Missiles
 k - 35 stones
 p - 6 poisoned darts
 A - 6 boomerangs
Armour
 a - a +0 robe
 i - a +0 pair of boots (worn)
 J - +0 steam dragon scales (worn)
Jewellery
 l - a +6 ring of strength
 r - a ring of poison resistance (left hand)
 z - a +6 ring of intelligence (right hand)
 C - a ring of flight
Wands
 o - a wand of digging (5)
 E - a wand of charming (8)
Scrolls
 c - 3 scrolls of silence
 f - 3 scrolls of enchant weapon
 q - 2 scrolls of noise
 y - 2 scrolls of butterflies
 F - a scroll of identify
 G - a scroll of teleportation
 H - a scroll of summoning {unknown}
 I - a scroll of magic mapping
Potions
 b - a potion of magic
 e - 2 potions of heal wounds {unknown}
 g - a potion of invisibility {unknown}
 h - 8 potions of curing
 j - a potion of resistance {unknown}
 m - 3 potions of brilliance {unknown}
 n - a potion of flight {unknown}
 t - a potion of berserk rage {unknown}
 w - a potion of lignification {unknown}
 x - 2 potions of cancellation {unknown}
 B - a potion of degeneration {unknown}


   Skills:
 - Level 1.7 Dodging
 - Level 1.7 Stealth
 + Level 5.2 Spellcasting
 * Level 8.5 Conjurations
 - Level 3.0 Hexes
 - Level 3.0 Translocations


You had 3 spell levels left.
You knew the following spells:

 Your Spells              Type           Power      Damage    Failure   Level
a - Magic Dart            Conj           100%       1d8       1%          1
b - Searing Ray           Conj           100%       2d8       1%          2
c - Dazzling Flash        Conj/Hex       96%        N/A       1%          3
d - Iskenderun's Mystic   Conj/Tloc      48%        2d11      4%          4
e - Fulminant Prism       Conj/Hex       24%        3d13      4%          4

Your spell library contained the following spells:

 Spells                   Type           Power      Damage    Failure   Level


Dungeon Overview and Level Annotations

Branches:
Dungeon (7/15)
 Temple: D:4-7

Shops:
D:3 *   D:4 (   D:6 *


Innate Abilities, Weirdness & Mutations

You have an increased reservoir of magic. (+10% MP)
You shall have no god before yourself.
Your divine heritage dramatically boosts your attributes as you level up.


Message History

There is a stone staircase leading down here.
You start waiting.
Done waiting.
You climb downwards.
The boulder beetle misses you. The boulder beetle barely misses you.
There is a stone staircase leading up here.
Cast which spell? (? or * to list)
Casting: Dazzling Flash (safe; 1% risk of failure)
Press: ? - help, Dir - look around, f - activate The boulder beetle bites you!
Casting: Dazzling Flash (safe; 1% risk of failure)
Confirm with . or Enter, or press ? or * to list all spells.
You erupt in a blast of force!
The mystic blast hits the boulder beetle but does no damage.
The boulder beetle completely misses you.
Unknown command.
Casting: Iskenderun's Mystic Blast (dangerous; 4% risk of failure)
Confirm with . or Enter, or press ? or * to list all spells.
You miscast Iskenderun's Mystic Blast.
You are very lightly contaminated with residual magic.
Nothing appears to happen.
The boulder beetle misses you.
Casting: Iskenderun's Mystic Blast (dangerous; 4% risk of failure)
Confirm with . or Enter, or press ? or * to list all spells.
You erupt in a blast of force!
The mystic blast hits the boulder beetle but does no damage.
The boulder beetle misses you.
Unknown command.
You hit the boulder beetle.
The boulder beetle is poisoned.
The boulder beetle is lightly wounded.
The boulder beetle bites you.
You hit the boulder beetle but do no damage.
The boulder beetle looks as sick as possible!
The boulder beetle is lightly wounded.
The boulder beetle bites you!!
The boulder beetle bites you but does no damage.
You climb upwards.
There is a stone staircase leading down here.
The boulder beetle attacks as you move away!
The boulder beetle bites you!!
You die...

#.# #.# #.#.# #.# ##'## #.# #.#.#
#.# ##...## #.# #.#.###.#
##..[..## #.#### #.).....#
#.......## ##....# ###..####
.........####...#.########....###
.........+.......................
.........####...#.########....###
#.......#.......@.# ###..#
##.....##.#######B# ##.#
###...###.# #####.# #.# # ##+##
#.# #.....# #.# # #.# #.# #.###.#
#.# ####.####.###.# #.# #.#
..##........#.###.# #.#
#.#...###.........# #.#
#......####.#.##### #.#


You could see a boulder beetle (extremely poisoned).

Vanquished Creatures
  A steam dragon (D:7)
  2 black bears
  3 ogres
  A phantom (D:5)
  2 bullfrogs (D:6)
  3 scorpions
  A howler monkey (D:4)
  A centaur zombie (D:5)
  A bullfrog zombie (D:5)
  3 jellies
  3 hounds
  4 orc priests
  A gnoll bouda (D:7)
  2 iguanas
  Jessica (D:2)
  2 orc wizards
  12 adders
  7 gnolls
  5 white imps
  An ufetubus (D:6)
  A worm (D:4)
  A dart slug (D:2)
  9 orcs
  9 ball pythons
  6 endoplasms
  A giant cockroach (D:3)
  8 goblins
  6 hobgoblins
  2 jackals (D:5)
  4 quokkas
  3 bats (D:3)
  3 frilled lizards
  4 kobolds
  7 rats
120 creatures vanquished.

Vanquished Creatures (others)
  11 fulminant prisms
11 creatures vanquished.

Grand Total: 131 creatures vanquished

Notes
Turn   | Place    | Note
-------+----------+-------------------------------------------
     0 | D:1      | night the Demigod Conjurer began the quest for the Orb.
     0 | D:1      | Reached XP level 1. HP: 14/14 MP: 5/5
   152 | D:1      | Reached skill level 2 in Spellcasting
   902 | D:2      | Reached XP level 2. HP: 20/20 MP: 1/7
   907 | D:2      | Reached skill level 4 in Conjurations
   910 | D:2      | Learned a level 2 spell: Searing Ray
  1009 | D:2      | Noticed Jessica
  1012 | D:2      | Killed Jessica
  1013 | D:2      | Reached XP level 3. HP: 26/26 MP: 5/9
  1022 | D:2      | Reached skill level 1 in Translocations
  1888 | D:3      | Reached XP level 4. HP: 33/33 MP: 7/10
  1893 | D:3      | Learned a level 4 spell: Iskenderun's Mystic Blast
  2042 | D:3      | HP: 2/33 [orc priest/divine providence (16)]
  2600 | D:3      | Found Wunaivusch's Assorted Antiques.
  2815 | D:3      | Reached skill level 5 in Conjurations
  2815 | D:3      | Reached XP level 5. HP: 34/38 MP: 6/12
  2933 | D:4      | Noticed an ogre
  2941 | D:3      | Reached skill level 2 in Translocations
  2967 | D:4      | Killed an ogre
  2968 | D:4      | Reached XP level 6. HP: 14/45 MP: 1/13
  3338 | D:4      | Reached skill level 6 in Conjurations
  3546 | D:4      | Learned a level 4 spell: Fulminant Prism
  3677 | D:4      | Found Bous Kuacay's Antique Weapon Boutique.
  4174 | D:5      | Entered Level 5 of the Dungeon
  4255 | D:5      | Reached XP level 7. HP: 50/50 MP: 7/15
  4348 | D:5      | Reached skill level 1 in Hexes
  4985 | D:5      | Reached skill level 7 in Conjurations
  4985 | D:5      | Reached skill level 2 in Hexes
  5962 | D:6      | Reached XP level 8. HP: 57/57 MP: 11/18
  6160 | D:6      | Found Wuest's Assorted Antiques.
  6164 | D:6      | Bought a bone hand axe for 152 gold pieces
  6164 | D:6      | Identified the +7 hand axe of Hysk {antimagic, Drain +Blink
                  | Will+ Int+4} (You bought it in a shop on level 6 of the
                  | Dungeon)
  6956 | D:7      | Learned a level 3 spell: Dazzling Flash
  7080 | D:7      | Reached skill level 8 in Conjurations
  7115 | D:7      | Reached skill level 5 in Spellcasting
  7470 | D:7      | HP: 6/57 [white imp/puff of frost (10)]
  7785 | D:7      | Found Zin's Purification Station.
  7862 | D:7      | Bought a potion of curing for 90 gold pieces
  7866 | D:7      | Noticed a boulder beetle
  7883 | D:7      | HP: 1/57 [boulder beetle (22)]
  8300 | D:6      | Slain by a boulder beetle

Illustrated notes

Levels and vault maps discovered:
D:1:      heliophobic_arrival_ceremonial_halls, layout_loops_corners,
          bh_walls_and_bars
D:2:      layout_basic, basic_altar, uniq_jessica
D:3:      layout_rooms, lemuel_crystal_altar, vehumet_crystals, serial_shops,
          shop, minmay_surrounded
D:4:      layout_cave_pools, general_overflow_altar,
          kennysheep_okawaru_gauntlet, kennysheep_another_room,
          grunt_ministairs_10, kennysheep_windowed_goal
D:5:      layout_basic, nicolae_ru_sacrificial_ziggurat,
          lemuel_zombie_altar_yredelemnul
D:6:      layout_loops_corners, mainiacjoe_overflow_small_starburst,
          nemelex_dance_club_becter, serial_shops, shop,
          nicolae_ossuary_entry_plus, serial_park_tiny_1, st_stairs_14,
          amethyst_killhole
D:7:      layout_basic, kennysheep_little_box, zin_purify,
          minmay_temple_entry_trees

Skill      XL: |  1  2  3  4  5  6  7  8 |
---------------+-------------------------+-----
Spellcasting   | 2 3 4 5 |  5.2
Conjurations   | 4 5 6 7 8 |  8.5
Translocations | 1 2 3 |  3.0
Hexes          | 2 3 |  3.0
Dodging        | |  1.7
Stealth        | |  1.7

Action                   |  1- 3 |  4- 6 |  7- 9 || total
-------------------------+-------+-------+-------++-------
Melee: Short sword       |       |    20 |    25 ||    45
       Punch             |       |       |     2 ||     2
 Cast: Magic Dart        |    44 |    73 |    39 ||   156
       Searing Ray       |     3 |    11 |    17 ||    31
       Iskenderun's Myst |       |     4 |    19 ||    23
       Fulminant Prism   |       |     2 |     9 ||    11
       Dazzling Flash    |       |       |     2 ||     2
  Use: Scroll            |     1 |     6 |     6 ||    13
Armor: Robe              |       |     7 |     8 ||    15
       Steam dragon scal |       |       |     3 ||     3
Dodge: Dodged            |     2 |    17 |    32 ||    51
